Apachew, chaotic male elven Wizard ----------- ---.......... |.[)%---..--- ---)---- -... |...--- --. ---..-..- --- |........| --.---.......-| |....%.....)..-- |..............-- --.....aaa......| ----......@.......| -...).............-- ....................| -.......%...........- ..............<...... .............---.|.. ............ ---- --..--...- ---- -- Apachew the Thaumaturge Experience level: 7 Strength: 15 Dexterity: 13 Constitution: 11 Intelligence: 19 Wisdom: 11 Charisma: 11 Health: 0(53) Energy: 4(78) Def: 10 Gold: 338 Moves: 3624 Dungeon seed: PEdK1TZb1tfIl6H5 Game ID: Apachew_1512815016 Your Inventory: Coins $ - 338 gold pieces Weapons a - a blessed +1 quarterstaff (weapon in hands) u - an uncursed +0 elven dagger Armor e - an uncursed +0 cloak of magic resistance (being worn) f - a cursed +0 elven mithril-coat (being worn) D - an uncursed +0 dwarvish iron helm (being worn) X - an uncursed +0 mummy wrapping Y - an uncursed +0 pair of iron shoes (being worn) Comestibles k - 7 uncursed food rations Scrolls d - a cursed scroll of teleportation A - a blessed scroll of amnesia H - a blessed scroll of enchant weapon J - an uncursed scroll of identify M - an uncursed scroll of teleportation Q - a blessed scroll of identify R - a blessed scroll of teleportation Potions m - an uncursed potion of monster detection o - 2 uncursed potions of paralysis p - 2 uncursed potions of healing r - an uncursed potion of confusion E - an uncursed potion of polymorph Rings t - a blessed +2 ring of searching (on left hand) G - an uncursed ring of protection from shape changers U - an uncursed ring of sustain ability (on right hand) Wands b - an uncursed wand of striking (0:4) q - an uncursed wand of magic missile (0:6) B - an uncursed wand of sleep (0:7) Tools h - an uncursed blindfold i - an uncursed leather drum l - an uncursed skeleton key v - an uncursed lock pick F - an uncursed oil lamp (0:1226) T - an uncursed oil lamp (0:1133) Z - an uncursed tin whistle Gems n - an uncursed garnet stone x - an uncursed obsidian stone y - 2 uncursed worthless pieces of yellow glass z - 2 uncursed chrysoberyl stones I - an uncursed worthless piece of blue glass K - an uncursed worthless piece of green glass L - an uncursed worthless piece of black glass N - 4 uncursed worthless pieces of red glass O - an uncursed touchstone V - 2 uncursed worthless pieces of orange glass W - an uncursed fluorite stone Spells and supernatural/magical abilities: Spells marked with '*' are forgotten. Spells marked with '!' are maintained. Spells marked with '#' are aliased with 'castalias'. Name Level Category Fail Memory a - force bolt 1 attack 3% 94% c - cause fear 3 enchantment 13% 94% h - healing 1 healing 3% 94% l - light 1 divination 3% 96% m - magic missile 2 attack 0% 94% I - identify 2 divination 63% 100% W - pray for help -- divine ? -- Your skills at the end: Fighting Skills wands [Basic] Weapon Skills quarterstaff [Skilled] Spellcasting Skills attack spells [Skilled] enchantment spells [Basic] Final Attributes: You were sleep resistant. You were magic resistant. You saw invisible. You had automatic searching. You had infravision. You had fixed abilities. You last prayed 1761 turns ago. You are dead. Vanquished creatures: an elf mummy a horse 3 gnome kings a gold golem a blue jelly a fog cloud 9 gnome lords 4 gnomish wizards a black naga hatchling a ghoul 2 giant ants a kitten 11 dwarves 3 rothes a rabid rat a giant bat 3 dwarf zombies an iguana 8 killer bees an acid blob 7 hobbits a cave spider a brown mold a green mold a red mold 41 gnomes 3 garter snakes 2 geckos 7 jackals 3 foxes a goblin 4 grid bugs 2 lichens 3 newts 132 creatures vanquished. Voluntary challenges: You had been an atheist until turn 1860. You used a wielded weapon 76 times, starting on turn 25. You read items or engraved 23 times, starting on turn 1. You never genocided any monsters. You never polymorphed an object. You never changed form. You used no wishes. You never split a pudding. You never wrote Elbereth's name. You never violated your personal moral code. Dungeon overview: The Dungeons of Doom: levels 1 to 2 Level 1 a sink, a vault a long staircase Level 2 stairs to The Gnomish Mines The Gnomish Mines: levels 3 to 8 Level 3 stairs to The Dungeons of Doom Level 4 Level 5 Level 6 some shops, a temple to Anhur, some fountains Level 7 Level 8 <- You were here History has recorded: On T:1 you entered the Dungeons of Doom to retrieve the Amulet of Yendor! On T:436 you reached level 2 of The Dungeons of Doom. On T:628 you advanced to experience level 2. On T:964 you reached level 1 of The Gnomish Mines. On T:971 you advanced to experience level 3. On T:1013 you advanced to experience level 4. On T:1058 you advanced to experience level 5. On T:1434 you reached level 2 of The Gnomish Mines. On T:1858 you advanced to experience level 6. On T:1865 you reached level 3 of The Gnomish Mines. On T:2221 you reached level 4 of The Gnomish Mines. On T:3024 you reached level 5 of The Gnomish Mines. On T:3167 you advanced to experience level 7. On T:3480 you reached level 6 of The Gnomish Mines. Score breakdown: Gold: 338 ( 8606 points) Experience: 7 levels (13645 points) Exploration: 8 levels ( 17.39%) (11832 points) Discoveries: 4 items ( 1.40%) ( 3547 points) Valuables value: (no points given unless you survive) Artifact value: 0 ( 0 points) Variety of kills: 34 monsters ( 8.95%) ( 8973 points) Turncount: 3624 turns ( -879 points) Survival: died (score multiplied by 80%) Total score: 36579 Latest messages: The magic missile hits the giant ant! The giant ant bites! The giant ant misses. The giant ant bites! You are caught in a bear trap. The giant ant bites! The giant ant misses. (2x) The giant ant bites! The giant ant misses. (2x) You feel better. The giant ant bites! The giant ant misses. (2x) You are caught in a bear trap. The giant ant bites! (3x) The giant ant misses. The giant ant bites! (2x) You are caught in a bear trap. The giant ant just misses! The giant ant bites! (2x) You are caught in a bear trap. The giant ant bites! (5x) You die... Final status: Goodbye Apachew the Wizard, killed by a giant ant... You died in The Gnomish Mines on dungeon level 8 with 36579 points, and 338 pieces of gold, after 3624 moves. You were level 7 with a maximum of 53 hit points when you died.